 Dungeon Crawl Stone Soup version 0.30.1-9-gdf580d7c3d (webtiles) character file.

Game seed: 2987838839362873842

40 booth the Chopper (level 3, -1/30 HPs)
             Began as a Draconian Reaver on Oct 16, 2023.
             Was a Believer of Jiyva.
             Killed from afar by an orc wizard (3 damage)
             ... with a puff of flame
             ... on level 3 of the Dungeon.
             The game lasted 00:08:44 (1512 turns).

booth the Chopper (Draconian Reaver)                Turns: 1512, Time: 00:08:44

Health: -1/30      AC:  6    Str: 14    XL:     3   Next: 30%
Magic:  6/6        EV: 12    Int: 13    God:    Jiyva [**....]
Gold:   82         SH:  0    Dex: 11    Spells: 3/6 levels left

rFire   . . .        a - +0 hand axe
rCold   . . .        (no shield)
rNeg    . . .        (body armour unavailable)
rPois   .            (helmet restricted)
rElec   .            d - +0 cloak
rCorr   +            (no gloves)
SInv    .            (no boots)
Will    .....        (no amulet)
Stlth   +            (no ring)
HPRegen 1.21/turn    (no ring)
MPRegen 0.40/turn

%: no passive effects
@: confused
A: AC +5, unfitting armour, cold-blooded
a: Renounce Religion


You were on level 3 of the Dungeon.
You worshipped Jiyva.
Jiyva was pleased with you.
You visited 1 branch of the dungeon, and saw 3 of its levels.

You collected 82 gold pieces.

Inventory:

Hand Weapons
 a - a +0 hand axe (weapon)
 e - a +1 mace of protection
Armour
 d - a +0 cloak (worn)
Jewellery
 g - a ring of ice
Scrolls
 c - 2 scrolls of teleportation
 f - a scroll of identify
 h - a scroll of summoning
 i - a scroll of fog {unknown}
Potions
 b - a potion of attraction


   Skills:
 + Level 2.6 Fighting
 * Level 3.4 Axes
 + Level 2.1 Dodging
 + Level 2.2 Spellcasting
 + Level 3.2 Conjurations


You had 3 spell levels left.
You knew the following spells:

 Your Spells              Type           Power      Damage    Failure   Level
a - Kiss of Death         Conj/Necr      20%        2d7       13%         1
b - Momentum Strike       Conj/Tloc      10%        3d8       19%         2

Your spell library contained the following spells:

 Spells                   Type           Power      Damage    Failure   Level
 Hailstorm                Conj/Ice       5%         3d4       36%         3


Dungeon Overview and Level Annotations

Branches:
Dungeon (3/15)

Altars:
Jiyva

Shops:
D:1 =   D:2 (


Innate Abilities, Weirdness & Mutations

Your plain brown scales are hard. (AC +5)
You cannot fit into any form of body armour.
You are cold-blooded and may be slowed by cold attacks.


Message History

An orc comes into view. It is wielding a +0 whip.
You bump into the rock wall.
The orc hits you with a +0 hand axe. The orc hits you with a +0 falchion.
The orc wizard points at you and mumbles some strange words.
The magic dart hits you!
You hit the orc but do no damage. You closely miss the orc wizard.
You hit the orc. The orc hits you but does no damage.
The orc hits you with a +0 hand axe.
The orc wizard hits you but does no damage.
You're too confused to move!
The orc wizard closely misses you. The orc hits you with a +0 hand axe.
The orc hits you but does no damage.
You hit the orc wizard.
The orc wizard is moderately wounded.
You closely miss the orc. You hit the orc. The orc closely misses you.
The orc wizard casts a spell at you.
You are more confused.
The orc closely misses you.
You bump into the rock wall.
The orc barely misses you. The orc hits you but does no damage.
The orc wizard casts a spell.
The orc wizard flickers and vanishes!
Deactivating autopickup; reactivate with Ctrl-A.
You miss something. You barely miss the orc. You hit the orc.
The orc misses you. The orc hits you but does no damage.
Something hits you but does no damage.
You bump into the rock wall.
You hear some strange, mumbled words.
A magic dart appears from out of thin air!
The magic dart hits you! The orc closely misses you.
The orc hits you with a +0 hand axe. The orc hits you with a +0 falchion.
* * * LOW HITPOINT WARNING * * *
Something hits you but does no damage.
You bump into the rock wall.
The orc hits you with a +0 falchion!
* * * LOW HITPOINT WARNING * * *
The orc closely misses you.
You hear some strange, mumbled words.
A puff of flame appears from out of thin air!
The puff of flame hits you.
You die...

....######......# ....#
#......### ....#
#......+.# ....#
#........# ....#
#......#.#
....######......#.#
................#.# #
...............##o#.###
..............##@ooo..#
#............####{##..#
.........## #.# .#
........## #.# #
######### #.# #.# #..
###


You could see 4 orcs.

Vanquished Creatures
  A worm (D:2)
  4 orcs (D:3)
  An endoplasm (D:1)
  A giant cockroach (D:1)
  2 goblins
  4 hobgoblins
  3 jackals (D:1)
  2 kobolds
  2 quokkas (D:2)
  2 ball pythons (D:2)
  3 bats
  A frilled lizard (D:1)
  3 rats (D:2)
  A spectral kobold (D:1)
30 creatures vanquished.

Vanquished Creatures (others)
  A bat (D:2)
  2 endoplasms
  A goblin (D:2)
  A rat (D:2)
5 creatures vanquished.

Grand Total: 35 creatures vanquished

Notes
Turn   | Place    | Note
-------+----------+-------------------------------------------
     0 | D:1      | booth the Draconian Reaver began the quest for the Orb.
     0 | D:1      | Reached XP level 1. HP: 17/17 MP: 3/3
   149 | D:1      | Found Butwiyde's One-of-a-Kind Rings.
   186 | D:1      | Found a faded altar of an unknown god.
   272 | D:1      | Reached XP level 2. HP: 25/25 MP: 5/5
   276 | D:1      | Learned a level 2 spell: Momentum Strike
   539 | D:1      | Prayed at the altar of an unknown god.
   539 | D:1      | Became a worshipper of Jiyva Jenafemm the Shapeless
   539 | D:1      | Reached * piety under Jiyva
   691 | D:2      | Found Tiudomp's Antique Weapon Boutique.
   906 | D:2      | Reached ** piety under Jiyva
  1085 | D:2      | Reached XP level 3. HP: 26/30 MP: 6/6
  1512 | D:3      | Killed from afar by an orc wizard

Illustrated notes

Levels and vault maps discovered:
D:1:      lightli_molten_gateway, layout_rooms,
          dreamdust_ecumenical_altar_drowned_temple,
          hangedman_decor_diamond_cutter, nicolae_shop_unique_rings
D:2:      layout_basic, serial_shops, shop
D:3:      layout_loops_ring, kennysheep_big_empty_room, minmay_misc_feat_rows,
          uniq_terence

Skill      XL: |  1  2 |
---------------+-------+-----
Dodging        | 2 |  2.1
Fighting       | |  2.6
Axes           | |  3.4
Spellcasting   | |  2.2
Conjurations   | |  3.2

Action                     || total
---------------------------++-------
  Melee: Hand axe          ||   119
         Tailslap          ||    12
    Use: Scroll            ||     3
 Armour: Skin              ||    53
  Dodge: Dodged            ||    94
